Unix NetHack Version 5.0.0-0 post-release - last build Jun 10 2026 00:39:30 (3ee93aec679c4c4259841fe613dc97188e26a321,branch:main).

Game began 2026-06-22 21:27:53, ended 2026-06-23 13:46:26.

Barrb, neutral female human Barbarian

   ---              -----
  |<..--    -----.......--    -------                       -----------
  |.....-  |.........--..|    |.....|          ------.#     |...... ..
  --..|....|%--------- ..|    |.._..*##########.>....|     --.---.--.-
      --%....-         ..|    |.....|(#.---    --.%..|---  .......|-.|
       .....%.         ..-    ---|---  .).+.------...|..---|..|..)...---
          .|..        -.).--    |.|    |..|.......--.-.....-+--........--+-
                      .....---- |.|    |.%|.----.....)..--................|
                      ........---.-     --...  .-.......-|..--------|--..--
                          .........       |..   |...{....|--|.[.......|..--
                             ..........-  |%|   --.......   |?!*%.)!.+|...|
                             ...---)..... |.|   ---....-    ---------------
                             -...|..---...|.-   |...|...  ------
                              -.....|-....|.... |..---...-|.(..|    -----
                         --.-----..-|.......... |....|-..q-[((.|    ...-.
                        ....(.....---...G.......--...|..@-|.((.|    ...|
                        -.--------|.........--..|........|------ |.--|-------
                        |%|.((.|  --.......- ---|...|....|--------.....|....|
                        |.-.(!(|   ---...---    --..|...--......|...{.....-.|
                        --|.(((|                    --.....----........|..|(|
                          ------                      ------  ---------------
Barrb the Bandit           St:18/02 Dx:13 Co:18 In:7 Wi:7 Ch:6  Neutral
Dlvl:7  $:554 HP:0(98) Pw:24(24) AC:3  Xp:8 T:6760  Satiated Burdened

Latest messages:
 Idefix bites the gnome lord.
 The gnome lord hits Idefix.
 You kill the gnome lord!
 Idefix eats a gnome lord corpse.
 You swap places with Idefix.
 This door is locked.
 In what direction? 2
 Whammm!!
 In what direction? 2
 Whammm!!
 In what direction? 2
 As you kick the door, it crashes open!
 You see here a chest.
 Hmmm, the chest turns out to be locked.
 There is a locked chest here; force its lock? [ynq] (q) y
 You force your short sword into a crack and pry.
 You succeed in forcing the lock.
 You have a little trouble removing $ - 371 gold pieces (554 in total).
 t - a brilliant blue potion.
 v - a cloudy potion.
 You swap places with Idefix.
 You swap places with Idefix.
 You see here a broken chest containing 1 item.
 You hear someone cursing shoplifters.
 You hear the chime of a cash register.
 You hear bubbling water.
 You hear someone beseeching Set.
 You swap places with Idefix.
 You swap places with Idefix.
 The black unicorn butts!
 The black unicorn kicks!
 The black unicorn butts!
 The black unicorn kicks!
 What do you want to throw? [$ahX or ?*] N
 In what direction? 9
 The black unicorn catches the green gem.
 The black unicorn hesitatingly accepts your gift.
 The black unicorn vanishes!
 The mumak butts!
 The mumak bites!
 You miss the mumak.
 You miss the mumak.
 The mumak butts!
 The mumak bites!
 What do you want to drink? [kostv or ?*] k
 You feel better.
 The mumak butts!
 The mumak bites!
 You die...
 Do you want your possessions identified? [ynq] (y) q

Inventory:
 Coins    ('$')
  $ - 554 gold pieces
 Weapons  (')')
  h - 34 +0 darts (at the ready)
  X - 9 poisoned +0 darts
  a - a +0 battle-axe
  b - a +0 short sword (weapon in right hand)
 Armor    ('[')
  U - an uncursed +0 dwarvish iron helm (being worn)
  D - an uncursed +0 pair of iron shoes (being worn)
  J - an uncursed +0 cloak of invisibility
  c - an uncursed +0 ring mail (being worn)
 Comestibles  ('%')
  A - 2 cursed slime molds
  d - 2 uncursed food rations
  l - an uncursed tripe ration
  p - a blessed tin of boiled housecat meat
 Scrolls  ('?')
  G - an uncursed scroll of blank paper
  Y - an uncursed scroll of enchant armor
  r - 3 uncursed scrolls of enchant weapon
  u - an uncursed scroll of identify
  m - a blessed scroll of light
  i - an uncursed scroll of scare monster
  Q - an uncursed scroll of teleportation
 Potions  ('!')
  v - an uncursed potion of fruit juice
  o - 2 uncursed potions of healing
  t - an uncursed potion of monster detection
  s - an uncursed potion of oil
 Rings    ('=')
  j - an uncursed ring of hunger
  x - an uncursed ring of slow digestion (on right hand)
 Wands    ('/')
  n - a wand of light (0:9)
  B - a cursed wand of make invisible (0:3)
 Tools    ('(')
  T - an uncursed oilskin sack containing 2 items
  e - an uncursed blindfold
  Z - an uncursed brass lantern
  q - an uncursed oil lamp
  f - an uncursed tin whistle
  R - an uncursed tin whistle
  g - a tinning kit (0:82)
 Gems/Stones  ('*')
  P - an uncursed opal

Contents of the oilskin sack:
  272 gold pieces
  a +0 pick-axe

Barrb the Barbarian's attributes:

Background:
 You were a Bandit, a level 8 female human Barbarian.
 You were neutral, on a mission for Crom
 who was opposed by Mitra (lawful) and Set (chaotic).
 You were right-handed.
 You were in the Gnomish Mines, on level 7.
 You entered the dungeon 6760 turns ago.
 You had 2234 experience points, 326 more were needed to attain level 9.

Basics:
 You had 0 out of 98 hit points.
 You had all 24 energy points (spell power).
 Your armor class was 3.
 Your wallet contained 554 zorkmids, and
 you had 272 more stashed away in your pack.
 Autopickup was off.

Final Characteristics:
 Your strength was 18/02 (limit:18/100).
 Your dexterity was 13 (peak:17, limit:18).
 Your constitution was 18 (limit:18).
 Your intelligence was 7 (limit:18).
 Your wisdom was 7 (peak:8, limit:18).
 Your charisma was 6 (limit:18).

Final Status:
 You were satiated.
 You were burdened; movement was slightly slowed.
 You were wielding a short sword.
 You had basic skill with short sword and could have enhanced that.

Final Attributes:
 You were piously aligned.
 You were poison resistant.
 You had slower digestion.
 You were warded.
 You were fast.
 You were unlucky.
 You are dead.

Miscellaneous:
 You encountered 1 bones level.
 Total elapsed playing time was 2 hours, 3 minutes and 52 seconds.

Major events:
 Turn
    1: Barrb the neutral female human Barbarian entered the dungeon
  963: attained the rank of Pillager (level 3)
 1155: read a Discworld novel
 1373: entered the Gnomish Mines
 2793: attained the rank of Bandit (level 6)
 5484: reached Mine Town
 6760: killed by a mumak

You didn't know any spells.

Skills:
 Fighting Skills
   bare handed combat [Basic]
   two weapon combat  [Unskilled]
   riding             [Unskilled]
 Weapon Skills
   dagger             [Unskilled]
   axe                [Skilled]
   pick-axe           [Unskilled]
   short sword        [Basic]
   broadsword         [Unskilled]
   long sword         [Unskilled]
   two-handed sword   [Unskilled]
   saber              [Unskilled]
   club               [Unskilled]
   mace               [Unskilled]
   morning star       [Unskilled]
   flail              [Unskilled]
   hammer             [Unskilled]
   quarterstaff       [Unskilled]
   spear              [Unskilled]
   trident            [Unskilled]
   bow                [Unskilled]
 Spellcasting Skills
   attack spells      [Unskilled]
   escape spells      [Unskilled]

Voluntary challenges:
 Character rerolling was not enabled.
 You never genocided any monsters.
 You never polymorphed an object.
 You never changed form.
 You used no wishes.
Achievements:
 You attained the rank of Pillager.
 You entered a shop.
 You read from a Discworld novel.
 You entered the Gnomish Mines.
 You attained the rank of Bandit.
 You entered Minetown.
 You entered a temple.

 The Dungeons of Doom: levels 1 to 7
    Level 1:
    Level 2:
       A sink.
    Level 3:
       Many altars, many fountains.
    Level 4:
       A scroll shop, an altar.
       Stairs down to The Gnomish Mines.
    Level 5:
    Level 6:
    Level 7:
       Final resting place for
          pots164-Kni-Hum-Mal-Law, slipped while mounting a saddled horse.
 The Gnomish Mines: levels 5 to 7
    Level 5:
    Level 6:
    Level 7: <- You were here.
       Many shops, a temple and an altar, some fountains.
       Final resting place for
          you, killed by a mumak.


Vanquished creatures:
  a ghost
  3 small mimics
  a giant beetle
  a quivering blob
  8 winter wolf cubs
  a leprechaun
  a horse
  a yeti
  a dingo
  a housecat
  a dwarf leader
  a blue jelly
 an ape
  2 bugbears
  a quasit
 an orc shaman
  a rock piercer
  a pony
  a fog cloud
  3 shriekers
  a violet fungus
  7 gnome leaders
  2 gnomish wizards
  a paper golem
  2 baby crocodiles
  4 giant ants
  8 dwarves
  3 homunculi
  a kobold leader
  2 hill orcs
  a rothe
  a centipede
  a giant bat
  a monkey
  a dwarf zombie
  a werejackal
  4 iguanas
 an acid blob
  a coyote
  a gas spore
  a hobbit
  a manes
  a hobgoblin
  4 giant rats
  4 cave spiders
  a brown mold
  3 yellow molds
 23 gnomes
  a gnome zombie
  5 geckos
  7 jackals
  2 kobolds
  6 goblins
  a sewer rat
  8 grid bugs
  a bat
 10 lichens
  5 newts
160 creatures vanquished.

No species were genocided or became extinct.

Game over:
                       ----------
                      /          \
                     /    REST    \
                    /      IN      \
                   /     PEACE      \
                  /                  \
                  |      Barrb       |
                  |      826 Au      |
                  |   killed by a    |
                  |      mumak       |
                  |                  |
                  |                  |
                  |       2026       |
                 *|     *  *  *      | *
        _________)/\\_//(\/(/\)/\//\/|_)_______

Goodbye Barrb the Barbarian...

You died in The Gnomish Mines on dungeon level 7 with 8038 points,
and 826 pieces of gold, after 6760 moves.
You were level 8 with a maximum of 98 hit points when you died.

